TOP OF THE 1ST |
Santa Fe Diablos batting - Pitching for Key West Barracudas : RHP George Bennion
|
Pitching: RHP George Bennion
|
|
Batting: LHB David Hernández
|
0-0: Ball 1-0: Ball 2-0: Ball 3-0: Base on Balls
|
Batting: SHB George Adams
|
0-0: Ball 1-0: Ball 2-0: Ball 3-0: Base on Balls David Hernández to second
|
Batting: RHB Lee Price
|
0-0: Ball 1-0: Ball 2-0: Foul Ball, location: 2F 2-1: Foul Ball, location: 2F 2-2: Foul Ball, location: 2F 2-2: Foul Ball, location: 2F 2-2: Hit by Pitch David Hernández to third George Adams to second
|
Batting: RHB John Dinkins
|
0-0: Ball 1-0: Called Strike 1-1: DOUBLE (Flyball, 78XD) David Hernández scores George Adams scores Lee Price to third
|
Batting: LHB Javier Martínez
|
0-0: Called Strike 0-1: Swinging Strike 0-2: Foul Ball, location: 2F 0-2: Foul Ball, location: 2F 0-2: Ball 1-2: Ball 2-2: Foul Ball, location: 2F 2-2: Foul Ball, location: 2F 2-2: Strikes out swinging
|
Batting: LHB Juan Torres
|
0-0: Foul Ball, location: 2F 0-1: Fly out, F7 (Flyball, 7LM) Runner from 3rd tags up, SCORES, throw made
|
Batting: RHB Tim Adkins
|
0-0: Ball 1-0: Ball 2-0: Called Strike 2-1: Ball 3-1: Base on Balls
|
Batting: RHB Henning Huisman
|
0-0: Ball 1-0: Ball 2-0: Called Strike 2-1: Fielders Choice at 2nd, 6-4 (Groundball, 6)
|
Top of the 1st over - 3 run(s), 1 hit(s), 0 error(s), 1 left on base; Santa Fe 3 - Key West 0 |
BOTTOM OF THE 1ST |
Key West Barracudas batting - Pitching for Santa Fe Diablos : RHP Christian Camden
|
Pitching: RHP Christian Camden
|
|
Batting: SHB Luis Manuel López
|
0-0: Fly out, F8 (Line Drive, 8LD)
|
Batting: SHB Héctor Jiménez
|
0-0: Ball 1-0: Foul Ball, location: 2F 1-1: Ground out 5-3 (Groundball, 56)
|
Batting: RHB Frederick Chamberlain
|
0-0: Ball 1-0: Ball 2-0: Called Strike 2-1: Ground out 2-3 (Groundball, 15S)
|
Bottom of the 1st over - 0 run(s), 0 hit(s), 0 error(s), 0 left on base; Santa Fe 3 - Key West 0 |
TOP OF THE 2ND |
Santa Fe Diablos batting - Pitching for Key West Barracudas : RHP George Bennion
|
Batting: LHB David Taylor
|
0-0: Ball 1-0: Called Strike 1-1: SINGLE (Groundball, 6M) (infield hit)
|
Batting: LHB David Hernández
|
0-0: Foul Ball, location: 2F 0-1: Reached on error, E1 (Groundball, 13) David Taylor to second
|
Batting: SHB George Adams
|
0-0: Called Strike 0-1: Ball 1-1: SINGLE (Line Drive, 56) David Taylor to third David Hernández to second
|
Batting: RHB Lee Price
|
0-0: Foul Ball, location: 2F 0-1: Ball 1-1: Called Strike 1-2: Foul Ball, location: 2F 1-2: Strikes out looking
|
Batting: RHB John Dinkins
|
0-0: Ball 1-0: Foul Ball, location: 2F 1-1: Foul Ball, location: 2F 1-2: Ball 2-2: Ball 3-2: Fly out, F4 (Line Drive, 4M)
|
Pitching: RHP Bob Schneider
|
|
Batting: LHB Javier Martínez
|
0-0: Ball 1-0: Ball 2-0: Called Strike 2-1: Foul Ball, location: 2F 2-2: Strikes out swinging
|
Top of the 2nd over - 0 run(s), 2 hit(s), 1 error(s), 3 left on base; Santa Fe 3 - Key West 0 |
BOTTOM OF THE 2ND |
Key West Barracudas batting - Pitching for Santa Fe Diablos : RHP Christian Camden
|
Batting: SHB Dan Dunn
|
0-0: Called Strike 0-1: Foul Ball, location: 2F 0-2: Foul Ball, location: 2F 0-2: Ball 1-2: Ball 2-2: Strikes out looking
|
Batting: RHB Ramón Díaz
|
0-0: Called Strike 0-1: Ball 1-1: Foul Ball, location: 2F 1-2: Ground out U3 (Groundball, 3S)
|
Batting: SHB Jacob Knapp
|
0-0: Ball 1-0: Fly out, F7 (Flyball, 7LD)
|
Bottom of the 2nd over - 0 run(s), 0 hit(s), 0 error(s), 0 left on base; Santa Fe 3 - Key West 0 |
TOP OF THE 3RD |
Santa Fe Diablos batting - Pitching for Key West Barracudas : RHP Bob Schneider
|
Batting: LHB Juan Torres
|
0-0: Ball 1-0: Ball 2-0: Foul Ball, location: 2F 2-1: Ball 3-1: Base on Balls
|
Batting: RHB Tim Adkins
|
0-0: Called Strike 0-1: Grounds into double play, 6-4-3 (Groundball, 6)
|
Batting: RHB Henning Huisman
|
0-0: Ball 1-0: Foul Ball, location: 2F 1-1: Ball 2-1: Swinging Strike 2-2: Ball 3-2: Strikes out swinging
|
Top of the 3rd over - 0 run(s), 0 hit(s), 0 error(s), 0 left on base; Santa Fe 3 - Key West 0 |
BOTTOM OF THE 3RD |
Key West Barracudas batting - Pitching for Santa Fe Diablos : RHP Christian Camden
|
Batting: RHB Anastasio Zartuche
|
0-0: Ground out 6-3 (Groundball, 6)
|
Batting: RHB Domingo Hernández
|
0-0: Swinging Strike 0-1: Ground out 6-3 (Groundball, 6S)
|
Batting: RHB Júlio Cruz
|
0-0: Fly out, F8 (Flyball, 8RM)
|
Bottom of the 3rd over - 0 run(s), 0 hit(s), 0 error(s), 0 left on base; Santa Fe 3 - Key West 0 |
TOP OF THE 4TH |
Santa Fe Diablos batting - Pitching for Key West Barracudas : RHP Bob Schneider
|
Batting: LHB David Taylor
|
0-0: Foul Ball, location: 2F 0-1: Ball 1-1: Swinging Strike 1-2: Strikes out swinging
|
Batting: LHB David Hernández
|
0-0: Called Strike 0-1: Ball 1-1: Ball 2-1: Foul Ball, location: 2F 2-2: Foul Ball, location: 2F 2-2: Ball 3-2: Strikes out swinging
|
Batting: SHB George Adams
|
0-0: Ball 1-0: Ball 2-0: Ball 3-0: Base on Balls
|
Batting: RHB Lee Price
|
0-0: Called Strike 0-1: Ball 1-1: Foul Ball, location: 2F 1-2: Strikes out looking
|
Top of the 4th over - 0 run(s), 0 hit(s), 0 error(s), 1 left on base; Santa Fe 3 - Key West 0 |
BOTTOM OF THE 4TH |
Key West Barracudas batting - Pitching for Santa Fe Diablos : RHP Christian Camden
|
Batting: SHB Luis Manuel López
|
0-0: Called Strike 0-1: Swinging Strike 0-2: Ball 1-2: SINGLE (Groundball, 34S) (infield hit)
|
Batting: SHB Héctor Jiménez
|
0-0: SINGLE (Line Drive, 7LS) Luis Manuel López to second
|
Batting: RHB Frederick Chamberlain
|
0-0: Swinging Strike 0-1: Ball 1-1: Foul Ball, location: 2F 1-2: Strikes out swinging
|
Batting: SHB Dan Dunn
|
0-0: Foul Ball, location: 2F 0-1: Foul Ball, location: 2F 0-2: Strikes out swinging
|
Batting: RHB Ramón Díaz
|
0-0: Called Strike 0-1: Ball 1-1: Swinging Strike 1-2: Ball 2-2: Ball 3-2: Strikes out looking
|
Bottom of the 4th over - 0 run(s), 2 hit(s), 0 error(s), 2 left on base; Santa Fe 3 - Key West 0 |
TOP OF THE 5TH |
Santa Fe Diablos batting - Pitching for Key West Barracudas : RHP Bob Schneider
|
Batting: RHB John Dinkins
|
0-0: Ground out 1-3 (Groundball, 13)
|
Batting: LHB Javier Martínez
|
0-0: Ball 1-0: Foul Ball, location: 2F 1-1: Ball 2-1: Called Strike 2-2: Ball 3-2: Foul Ball, location: 2F 3-2: Foul Ball, location: 2F 3-2: DOUBLE (Flyball, 7LM)
|
Batting: LHB Juan Torres
|
0-0: Called Strike 0-1: Ball 1-1: Swinging Strike 1-2: Strikes out swinging
|
Batting: RHB Tim Adkins
|
0-0: Ball 1-0: Ball 2-0: Ball 3-0: Called Strike 3-1: Fly out, F7 (Flyball, 78M)
|
Top of the 5th over - 0 run(s), 1 hit(s), 0 error(s), 1 left on base; Santa Fe 3 - Key West 0 |
BOTTOM OF THE 5TH |
Key West Barracudas batting - Pitching for Santa Fe Diablos : RHP Christian Camden
|
Batting: SHB Jacob Knapp
|
0-0: Called Strike 0-1: Ball 1-1: Fly out, F6 (Popup, 6MS)
|
Batting: RHB Anastasio Zartuche
|
0-0: DOUBLE (Line Drive, 5D)
|
Batting: RHB Domingo Hernández
|
0-0: Fly out, F8 (Line Drive, 8LM)
|
Batting: RHB Júlio Cruz
|
0-0: Foul Ball, location: 2F 0-1: Called Strike 0-2: Foul Ball, location: 2F 0-2: Foul Ball, location: 2F 0-2: SINGLE (Line Drive, 78S) Anastasio Zartuche to third Runner from 3rd tries for Home, SAFE, throw made home
|
Batting: SHB Luis Manuel López
|
0-0: Ball 1-0: Fielders Choice at 2nd, 6-4 (Groundball, 6)
|
Bottom of the 5th over - 1 run(s), 2 hit(s), 0 error(s), 0 left on base; Santa Fe 3 - Key West 1 |
TOP OF THE 6TH |
Santa Fe Diablos batting - Pitching for Key West Barracudas : RHP Bob Schneider
|
Pitching: RHP Gabe Lewis
|
|
Batting: RHB Henning Huisman
|
0-0: Swinging Strike 0-1: Called Strike 0-2: Ball 1-2: Ball 2-2: Strikes out swinging
|
Batting: LHB David Taylor
|
0-0: Fly out, F8 (Flyball, 89D)
|
Batting: LHB David Hernández
|
0-0: Ball 1-0: Ball 2-0: SOLO HOME RUN (Flyball, 89XD), Distance : 413 ft
|
Batting: SHB George Adams
|
0-0: Ball 1-0: Swinging Strike 1-1: Foul Ball, location: 2F 1-2: Ground out 6-3 (Groundball, 6)
|
Top of the 6th over - 1 run(s), 1 hit(s), 0 error(s), 0 left on base; Santa Fe 4 - Key West 1 |
BOTTOM OF THE 6TH |
Key West Barracudas batting - Pitching for Santa Fe Diablos : RHP Christian Camden
|
Batting: SHB Héctor Jiménez
|
0-0: Fly out, F7 (Flyball, 78M)
|
Batting: RHB Frederick Chamberlain
|
0-0: Ball 1-0: Called Strike 1-1: Foul Ball, location: 2F 1-2: Ball 2-2: Strikes out swinging
|
Batting: SHB Dan Dunn
|
0-0: Called Strike 0-1: Ground out U3 (Groundball, 3L)
|
Bottom of the 6th over - 0 run(s), 0 hit(s), 0 error(s), 0 left on base; Santa Fe 4 - Key West 1 |
TOP OF THE 7TH |
Santa Fe Diablos batting - Pitching for Key West Barracudas : RHP Gabe Lewis
|
Batting: RHB Lee Price
|
0-0: Swinging Strike 0-1: Ball 1-1: Swinging Strike 1-2: Strikes out swinging
|
Batting: RHB John Dinkins
|
0-0: Called Strike 0-1: Ball 1-1: Ground out 4-3 (Groundball, 34)
|
Batting: LHB Javier Martínez
|
0-0: Called Strike 0-1: Swinging Strike 0-2: Foul Ball, location: 2F 0-2: Ball 1-2: Strikes out looking
|
Top of the 7th over - 0 run(s), 0 hit(s), 0 error(s), 0 left on base; Santa Fe 4 - Key West 1 |
BOTTOM OF THE 7TH |
Key West Barracudas batting - Pitching for Santa Fe Diablos : RHP Christian Camden
|
Batting: RHB Ramón Díaz
|
0-0: Foul Ball, location: 2F 0-1: Ball 1-1: Ball 2-1: Foul Ball, location: 2F 2-2: Fly out, F9 (Flyball, 9LS)
|
Batting: SHB Jacob Knapp
|
0-0: Ball 1-0: Fly out, F8 (Flyball, 78M)
|
Batting: RHB Anastasio Zartuche
|
0-0: Called Strike 0-1: Ball 1-1: Swinging Strike 1-2: Strikes out swinging
|
Bottom of the 7th over - 0 run(s), 0 hit(s), 0 error(s), 0 left on base; Santa Fe 4 - Key West 1 |
TOP OF THE 8TH |
Santa Fe Diablos batting - Pitching for Key West Barracudas : RHP Gabe Lewis
|
Batting: LHB Juan Torres
|
0-0: Swinging Strike 0-1: Foul Ball, location: 2F 0-2: Strikes out swinging
|
Batting: RHB Tim Adkins
|
0-0: Ball 1-0: Foul Ball, location: 2F 1-1: Ball 2-1: Ball 3-1: Swinging Strike 3-2: Foul Ball, location: 2F 3-2: Base on Balls
|
Batting: RHB Henning Huisman
|
0-0: Ball 1-0: Ball 2-0: Ball Wild Pitch! Tim Adkins to second 3-0: Called Strike 3-1: Swinging Strike 3-2: Strikes out swinging
|
Batting: LHB David Taylor
|
0-0: Ground out U3 (Groundball, 3)
|
Top of the 8th over - 0 run(s), 0 hit(s), 0 error(s), 1 left on base; Santa Fe 4 - Key West 1 |
BOTTOM OF THE 8TH |
Key West Barracudas batting - Pitching for Santa Fe Diablos : RHP Christian Camden
|
Batting: RHB Domingo Hernández
|
0-0: Foul Ball, location: 2F 0-1: SINGLE (Line Drive, 5S)
|
Batting: RHB Júlio Cruz
|
0-0: Ball 1-0: Called Strike 1-1: Fly out, F8 (Flyball, 8LM)
|
Batting: SHB Luis Manuel López
|
0-0: Ball 1-0: Ball 2-0: Ball 3-0: Called Strike 3-1: Swinging Strike 3-2: Foul Ball, location: 2F 3-2: Base on Balls Domingo Hernández to second
|
Batting: SHB Héctor Jiménez
|
0-0: Called Strike 0-1: Ball 1-1: Swinging Strike 1-2: Ball 2-2: Foul Ball, location: 2F 2-2: Foul Ball, location: 2F 2-2: Foul Ball, location: 2F 2-2: SINGLE (Groundball, 3D) Domingo Hernández to third Luis Manuel López to second
|
Batting: RHB Frederick Chamberlain
|
0-0: Called Strike 0-1: Ball 1-1: Grounds into double play, 5-4-3 (Groundball, 5)
|
Bottom of the 8th over - 0 run(s), 2 hit(s), 0 error(s), 2 left on base; Santa Fe 4 - Key West 1 |
TOP OF THE 9TH |
Santa Fe Diablos batting - Pitching for Key West Barracudas : RHP Gabe Lewis
|
Batting: LHB David Hernández
|
0-0: Swinging Strike 0-1: Foul Ball, location: 2F 0-2: Foul Ball, location: 2F 0-2: Strikes out swinging
|
Batting: SHB George Adams
|
0-0: Called Strike 0-1: Ground out 4-3 (Groundball, 34)
|
Batting: RHB Lee Price
|
0-0: Ball 1-0: Foul Ball, location: 2F 1-1: Swinging Strike 1-2: Foul Ball, location: 2F 1-2: Strikes out swinging
|
Top of the 9th over - 0 run(s), 0 hit(s), 0 error(s), 0 left on base; Santa Fe 4 - Key West 1 |
BOTTOM OF THE 9TH |
Key West Barracudas batting - Pitching for Santa Fe Diablos : RHP Christian Camden
|
Pitching: RHP Jonathan Long
|
|
Batting: SHB Dan Dunn
|
0-0: Ball 1-0: Foul Ball, location: 2F 1-1: Ball 2-1: Swinging Strike 2-2: Strikes out swinging
|
Batting: RHB Ramón Díaz
|
0-0: Ball 1-0: DOUBLE (Flyball, 89XD)
|
Batting: SHB Jacob Knapp
|
0-0: Called Strike 0-1: Ball 1-1: Swinging Strike 1-2: Ground out 4-3 (Groundball, 4) Ramón Díaz to third
|
Batting: RHB Anastasio Zartuche
|
0-0: Foul Ball, location: 2F 0-1: Ball 1-1: Foul Ball, location: 2F 1-2: Foul Ball, location: 2F 1-2: Ball 2-2: Foul Ball, location: 2F 2-2: Foul Ball, location: 2F 2-2: Ball 3-2: Base on Balls
|
Batting: RHB Domingo Hernández
|
0-0: Called Strike 0-1: Ball 1-1: Foul Ball, location: 2F 1-2: Foul Ball, location: 2F 1-2: Foul Ball, location: 2F 1-2: Strikes out swinging
|
Bottom of the 9th over - 0 run(s), 1 hit(s), 0 error(s), 2 left on base; Santa Fe 4 - Key West 1 |
|